 Dungeon Crawl Stone Soup version 0.18.1-8-gdd0e5ea (webtiles) character file.

284 Krapule the Ruffian (level 6, -3/52 HPs)
             Began as a Ghoul Monk on May 30, 2016.
             Slain by an ogre
             ... wielding a +0 giant club
              (20 damage)
             ... on level 4 of the Dungeon.
             The game lasted 00:11:07 (2887 turns).

Krapule the Ruffian (Ghoul Monk)                    Turns: 2887, Time: 00:11:07

Health: -3/52      AC:  6    Str: 16    XL:     6   Next: 29%
Magic:  5/5        EV:  9    Int:  6    God:
Gold:   181        SH:  0    Dex: 11    Spells: 0 memorised, 5 levels left

rFire  . . .     SeeInvis .       - Unarmed
rCold  + . .     Gourm    .     r - +1 ring mail
rNeg   + + +     Faith    .     (no shield)
rPois  ∞         Spirit   .     (no helmet)
rElec  .         Dismiss  .     (no cloak)
rCorr  .         Reflect  .     (no gloves)
SustAt .         Harm     .     (no boots)
MR     .....                    (no amulet)
Stlth  +.........               (no ring)
                                k - -3 ring of evasion (curse)

@: rotting, not resistant to hostile enchantments, very unstealthy
A: rotting body, claws 1, carnivore 3, cold resistance 1, negative energy
resistance 3, slow regeneration 1, torment resistance, unbreathing
a: no special abilities


You were on level 4 of the Dungeon.
You were not hungry.

You visited 1 branch of the dungeon, and saw 4 of its levels.

You collected 181 gold pieces.

Inventory:

Armour
 r - a +1 ring mail (worn)
Jewellery
 k - a cursed -3 ring of evasion (left claw)
Wands
 j - a wand of flame (22/48)
Scrolls
 e - 2 scrolls of identify
 g - a scroll of recharging
 l - 2 scrolls of teleportation
Potions
 c - a potion of flight
 d - a potion of curing
 f - a potion of haste
 i - a potion of heal wounds {unknown}
 o - a potion of lignification {unknown}
 p - a potion of resistance {unknown}
 q - a potion of berserk rage {unknown}
Comestibles
 a - 5 chunks of flesh
 b - 2 meat rations
 h - 3 beef jerkies


   Skills:
 + Level 4.2 Fighting
 + Level 2.1 Armour
 + Level 3.8 Dodging
 - Level 3.0 Stealth
 * Level 5.8 Unarmed Combat


You had 5 spell levels left.
You didn't know any spells.

Dungeon Overview and Level Annotations

Branches:
Dungeon (4/15)
 Temple: D:4-7

Altars:
Dithmenos
Gozag
Pakellas
Yredelemnul


Innate Abilities, Weirdness & Mutations

Your body is rotting away.
You thrive on raw meat.
You are immune to poison.
You have sharp fingernails.
You are carnivorous and can eat meat at any time.
Your flesh is cold resistant.
You are immune to negative energy.
You regenerate slowly when monsters are visible.
You are immune to unholy pain and torment.
You can survive without breathing.


Message History

The ogre hits you with a giant club!
Found a stone staircase leading down.
You scratch the ogre but do no damage.
Eat one of 8 chunks of flesh? (ye/n/q/i?) This raw flesh tastes great!
The ogre hits you with a giant club!
You continue eating.
The ogre closely misses you.
You continue eating.
The ogre hits you but does no damage.
Eat one of 7 chunks of flesh? (ye/n/q/i?) This raw flesh tastes great!
The ogre closely misses you.
You continue eating. x2
The ogre hits you with a giant club.
Eat one of 6 chunks of flesh? (ye/n/q/i?) This raw flesh tastes great!
The ogre closely misses you.
You continue eating.
The ogre hits you with a giant club!!
You continue eating.
The ogre hits you with a giant club!!
You die...

###########
#.........#
#.#######.###
##########.#
#....)..##
.....#.##)###.#.......
........).....#.#.#.##
###..............#.#
### #.@..#######.###.#
.. #O#.## #.# #.# #.
#.#.# #.# #.#
#.###.###.#.# #.###.##
#.........#+# #.......
#####.####...#
#####.## #. ....# #.#
#. .....# #.# ##### #>
...... #.#


You could see an ogre.

Vanquished Creatures
  A hound (D:3)
  3 orc priests
  An orc wizard (D:3)
  5 adders
  A dart slug (D:1)
  2 worms
  2 giant geckos (D:3)
  13 orcs
  A ball python (D:3)
  3 giant cockroaches (D:3)
  5 goblins
  11 hobgoblins
  7 jackals
  3 quokkas
  4 bats
  A giant newt (D:2)
  5 kobolds (D:1)
  A quokka skeleton (D:3)
  2 rats (D:3)
71 creatures vanquished.

Notes
Turn   | Place    | Note
--------------------------------------------------------------
     0 | D:1      | Krapule the Ghoul Monk began the quest for the Orb.
     0 | D:1      | Reached XP level 1. HP: 19/19 MP: 0/0
    68 | D:1      | Reached XP level 2. HP: 20/26 MP: 1/1
   514 | D:2      | Found a basalt altar of Yredelemnul.
   759 | D:1      | Reached XP level 3. HP: 24/31 MP: 2/2
  1103 | D:2      | Reached skill level 5 in Unarmed Combat
  1202 | D:2      | Found a shadowy altar of Dithmenos.
  1253 | D:2      | Found an oddly glowing altar of Pakellas.
  1352 | D:2      | Reached skill level 1 in Armour
  1550 | D:2      | Found a faded altar to an unknown god.
  1700 | D:3      | Found an opulent altar of Gozag.
  1709 | D:3      | Reached XP level 4. HP: 30/37 MP: 3/3
  2085 | D:3      | Reached XP level 5. HP: 35/46 MP: 4/4
  2483 | D:3      | Reached XP level 6. HP: 37/52 MP: 5/5
  2887 | D:4      | Slain by an ogre

Skill      XL: |  1  2  3  4  5 |
---------------+----------------+-----
Unarmed Combat | 5 |  5.8
Dodging        | 3 |  3.8
Armour         | 1 2 |  2.1
Fighting       | 4 |  4.2
Stealth        | 3 |  3.0

Action                   |  1- 3 |  4- 6 || total
-------------------------+-------+-------++-------
Melee: Unarmed           |    90 |   139 ||   229
       Punch             |       |     3 ||     3
Evoke: Wand              |       |     3 ||     3
  Use: Scroll            |     4 |     3 ||     7
       Potion            |       |     1 ||     1
 Stab: Sleeping          |     3 |     4 ||     7
  Eat: Chunk             |    10 |    28 ||    38
Armor: Robe              |     9 |    25 ||    34
       Ring mail         |       |     4 ||     4
Dodge: Dodged            |    32 |    65 ||    97
